 Dungeon Crawl Stone Soup version 0.30-a0-743-gbfdf073431 (webtiles) character file.

Game seed: 3307121245821557009

585 ninjaread99 the Conjurer (level 7, -7/46 HPs)
             Began as a Human Conjurer on Feb 3, 2023.
             Was a Follower of Makhleb.
             Succumbed to their own poison gas
             ... on level 5 of the Dungeon on Feb 6, 2023.
             The game lasted 00:15:18 (3772 turns).

ninjaread99 the Conjurer (Human Conjurer)           Turns: 3772, Time: 00:15:18

Health: -7/46      AC:  3    Str:  8    XL:     7   Next: 64%
Magic:  1/14       EV: 12    Int: 20    God:    Makhleb [*.....]
Gold:   321        SH:  0    Dex: 11    Spells: 8/16 levels left

rFire   . . .      SeeInvis .    q - staff of conjuration
rCold   . . .      Faith    .    (no shield)
rNeg    . . .      Spirit   .    a - +1 robe
rPois   .          Reflect  .    (no helmet)
rElec   .          Harm     .    (no cloak)
rCorr   .          Rampage  .    (no gloves)
Will    .....                    (no boots)
Stlth   ++                       (no amulet)
HPRegen 0.27/turn                (no ring)
MPRegen 0.14/turn                (no ring)

@: lethally poisoned (-7 -> -61)
A: no striking features
a: Renounce Religion


You were on level 5 of the Dungeon.
You worshipped Makhleb.
Makhleb was aware of your devotion.
You visited 1 branch of the dungeon, and saw 5 of its levels.

You collected 321 gold pieces.

Inventory:

Armour
 a - a +1 robe (worn)
Magical Staves
 q - a staff of conjuration (weapon)
Jewellery
 f - a +5 ring of evasion
 h - a ring of protection from cold
 l - a +5 ring of evasion
Scrolls
 d - a scroll of brand weapon
 i - 2 scrolls of enchant armour
 m - a scroll of poison
 o - 4 scrolls of amnesia
 p - 2 scrolls of blinking {unknown}
 u - a scroll of identify
Potions
 b - a potion of magic
 c - a potion of heal wounds {unknown}
 e - a potion of degeneration {unknown}
 g - a potion of ambrosia {unknown}
 j - 2 potions of curing {unknown}
 k - 2 potions of attraction {unknown}
 n - 2 potions of haste {unknown}
 r - a potion of invisibility {unknown}
 s - 4 potions of lignification {unknown}
 t - a potion of flight {unknown}


   Skills:
 - Level 2.0 Dodging
 - Level 2.0 Stealth
 + Level 5.3 Spellcasting
 + Level 6.7 Conjurations


You had 8 spell levels left.
You knew the following spells:

 Your Spells              Type           Power      Damage    Failure   Level
a - Magic Dart            Conj           100%       1d8       1%          1
b - Searing Ray           Conj           96%        2d7       1%          2
c - Dazzling Flash        Conj/Hex       56%        N/A       9%          3
d - Passwall              Tmut/Erth      4%         N/A       17%         2

Your spell library contained the following spells:

 Spells                   Type           Power      Damage    Failure   Level
 Ensorcelled Hibernation  Hex/Ice        10%        N/A       17%         2
 Fulminant Prism          Conj/Hex       14%        3d9       28%         4
 Iskenderun's Mystic Bla  Conj/Tloc      28%        2d7       28%         4
 Swiftness                Air            5%         N/A       34%         3


Dungeon Overview and Level Annotations

Branches:
Dungeon (5/15)
 Temple: D:4-7

Altars:
Kikubaaqudgha
Makhleb
Zin


Message History

The phantom is moderately damaged.
The searing ray hits something! (Press . to maintain the ray.)
The phantom misses you.
The searing ray hits the phantom.
The phantom is heavily damaged.
The searing ray hits the orc priest.
The orc priest is heavily wounded.
Something completely misses you. The phantom hits you.
The phantom blinks!
You blink.
As you read the scroll labelled MUONTA XIEF, it crumbles to dust.
It is a scroll of enchant armour.
Your +0 robe glows green for a moment.
The phantom hits you.
Okay, then.
The air fills with toxic fumes!
As you read the scroll labelled TUEGEK NIYSID, it crumbles to dust.
It was a scroll of poison.
You hear some strange, mumbled words.
A puff of flame appears from out of thin air!
The puff of flame hits you. The orc priest hits you with a +0 club.
The phantom misses you.
Really walk into that cloud of poison gas?
The phantom attacks as you move away!
The phantom hits you but does no damage.
You are engulfed in poison gas.
You are poisoned.
You feel very sick.
Casting: Searing Ray (safe; 1% risk of failure)
Confirm with . or Enter, or press ? or * to list all spells.
You don't have enough magic to cast this spell.
You are engulfed in poison gas.
You are lethally poisoned!
You feel very sick. The orc priest barely misses you.
You are engulfed in poison gas.
You are more poisoned.
* * * LOW HITPOINT WARNING * * *
x2 You feel extremely sick.
You are engulfed in poison gas.
You are more poisoned.
You die...

.#§§§§§.§§§. .§§§§§§.§§.
.§§§§§§#§§# ..§§§§§§§§#
#§§.§§# . .. #§§§.§###
... ....##§§o§W#.#....
.###........#§§......
...#....##§..@§§.#... .
.....###§...§§§## #.8
###..#.§.§§.§§§#
....#.##..§.§.§.§§§§.#
..8......§.§§§§.§§#§§.
.....#....##......##....
....###............#...#
...##.#.>.......#..# .##
................#....


You could see a phantom.

Vanquished Creatures
  Pikel (D:4)
  A scorpion (D:4)
  An adder (D:2)
  An ufetubus (D:4)
  4 dart slugs
  10 orcs
  4 endoplasms
  A giant cockroach (D:4)
  7 goblins
  A hobgoblin (D:3)
  4 kobolds
  2 quokkas
  3 ball pythons (D:4)
  A frilled lizard (D:3)
  2 rats
43 creatures vanquished.

Notes
Turn   | Place    | Note
-------+----------+-------------------------------------------
     0 | D:1      | ninjaread99 the Human Conjurer began the quest for the Orb.
     0 | D:1      | Reached XP level 1. HP: 13/13 MP: 3/3
   165 | D:1      | Upgraded the game from 0.30-a0-738-g116ff8c4af to
                  | 0.30-a0-743-gbfdf073431
   841 | D:2      | Reached XP level 2. HP: 19/19 MP: 3/5
   914 | D:2      | Identified the +0 ring mail of Salvation {Harm rPois}
  1107 | D:2      | Found a glowing silver altar of Zin.
  1348 | D:3      | Reached XP level 3. HP: 24/24 MP: 4/6
  1638 | D:3      | Found a faded altar of an unknown god.
  1674 | D:3      | Prayed at the altar of an unknown god.
  1674 | D:3      | Became a worshipper of Makhleb the Destroyer
  1674 | D:3      | Reached * piety under Makhleb
  1702 | D:3      | Identified a scroll of acquirement
  1703 | D:3      | Acquired a staff of conjuration
  1901 | D:3      | Learned a level 2 spell: Searing Ray
  2694 | D:4      | Noticed Pikel
  2694 | D:4      | Noticed a lemure
  2705 | D:4      | Noticed a lemure
  2706 | D:4      | Noticed a lemure
  2707 | D:4      | Killed Pikel
  2708 | D:4      | Reached skill level 5 in Spellcasting
  2708 | D:4      | Reached skill level 6 in Conjurations
  2708 | D:4      | Reached XP level 4. HP: 8/30 MP: 0/11
  2708 | D:4      | Reached XP level 5. HP: 9/35 MP: 0/12
  2708 | D:4      | Reached XP level 6. HP: 11/41 MP: 0/13
  2708 | D:4      | Reached XP level 7. HP: 12/46 MP: 0/14
  2886 | D:4      | Learned a level 3 spell: Dazzling Flash
  2889 | D:4      | Learned a level 2 spell: Passwall
  3442 | D:4      | Found a burning altar of Makhleb.
  3458 | D:4      | Found an ancient bone altar of Kikubaaqudgha.
  3712 | D:5      | Entered Level 5 of the Dungeon
  3772 | D:5      | Succumbed to their own poison gas

Illustrated notes

Levels and vault maps discovered:
D:1:      nicolae_arrival_memento_mori, layout_loops_ring
D:2:      layout_basic, basic_altar, mrwooster_statue_mirror,
          minmay_fountain_box
D:3:      layout_basic, ebering_ecumenical_altar_rust, minivault_14
D:4:      layout_basic, mainiacjoe_overflow_catwalk_spiral, uniq_pikel
D:5:      layout_cave_pools, serial_column_ruins, column_ruins_open_tiny,
          column_ruins_columns_corner, column_ruins_grid_1,
          column_ruins_columns_corner, column_ruins_grid_2,
          nicolae_shop_dragon_depot

Skill      XL: |  1  2  3 |
---------------+----------+-----
Spellcasting   | 5 |  5.3
Conjurations   | 6 |  6.7
Dodging        | |  2.0
Stealth        | |  2.0

Action                     |  1- 3 |  4- 6 |  7- 9 || total
---------------------------+-------+-------+-------++-------
  Melee: Unarmed           |     2 |       |       ||     2
   Cast: Magic Dart        |    41 |       |    32 ||    73
         Searing Ray       |     8 |       |     6 ||    14
         Passwall          |       |       |     2 ||     2
    Use: Scroll            |     7 |       |     3 ||    10
 Armour: Robe              |       |       |     2 ||     2
  Dodge: Dodged            |    14 |       |    12 ||    26

Table legend: (Time is in decaauts)
 A = Elapsed time spent in this place.
 B = Non-inter-level travel time spent in this place.
 C = Inter-level travel time spent in this place.
 D = Time resting spent in this place.
 E = Time spent auto-exploring this place.
 F = Levels seen in this place.
 G = Mean time per level.
                   A        B        C        D        E       F      G
               +--------+--------+--------+--------+--------+-----+--------+
         Total |   3770 |   3649 |    121 |   1143 |   2055 |   5 |  754.0 |
       Dungeon |   3770 |   3649 |    121 |   1143 |   2055 |   5 |  754.0 |
               +--------+--------+--------+--------+--------+-----+--------+

Top non-repeatable levels by time:
     D:3: 1246 daAuts
     D:4: 1118 daAuts
     D:1: 762 daAuts
     D:2: 583 daAuts
     D:5: 59 daAuts
